Rangers vs Penguins

Created - Sunday, November 16, 2014 at 01:57

Goals
1 2 3 T
Rangers 1 0 2 3
Penguins 2 5 0 7
Shots
1 2 3 T
Rangers 9 5 8 22
Penguins 8 20 9 37

1st period

1. Penguins , Nate Thompson 1 (Anton Volchenkov, Marcus Foligno) at 5:04
2. Penguins , David Legwand 5 (Nathan MacKinnon, Jarome Iginla) at 15:55 (PP)
3. Rangers , Jeff Skinner 7 (Jamie McBain, Jaroslav Halak) at 17:47

Penalties :
James van Riemsdyk (NYR) for Interference (Minor) at 1:49, Mark Giordano (Pit) for Holding (Minor) at 6:49, Barret Jackman (NYR) for Holding (Minor) at 14:02, Francis Bouillon (NYR) for Tripping (Minor) at 18:31

2nd period

4. Penguins , Mark Giordano 5 (Patrick Sharp, Mikael Granlund) at 1:53 (PP)
5. Penguins , Mark Giordano 6 (Jarome Iginla, Patrick Sharp) at 3:07
6. Penguins , Jarome Iginla 5 (Patrick Sharp, Mikael Granlund) at 5:37
7. Penguins , Mikael Granlund 3 (Anton Volchenkov, Patrick Sharp) at 5:59
8. Penguins , Chris Butler 2 (Nail Yakupov, Elias Lindholm) at 8:30

Penalties :
Francis Bouillon (NYR) for Hooking (Minor) at 1:49, Barret Jackman (NYR) for Hooking (Minor) at 10:47

3rd period

9. Rangers , Matt Moulson 5 (Jamie McBain) at 11:04 (PP)
10. Rangers , Jay McClement 4 (Daniel Sedin, Matt Moulson) at 18:56 (PP)

Penalties :
Dan Hamhuis (Pit) for Hooking (Minor) at 2:03, Barret Jackman (NYR) for Roughing (Minor) at 6:03, Paul Gaustad (Pit) for Hooking (Minor) at 9:32, Paul Gaustad (Pit) for Hooking (Minor) at 11:31, Patrick Sharp (Pit) for Holding (Minor) at 18:20, Tanner Glass (NYR) for Hooking (Minor) at 19:16

Goalie Stats

Tom McCollum (NYR), 16 saves from 19 shots - (0.842), 36:53 minutes
Jaroslav Halak (NYR), 14 saves from 18 shots - (0.778), L, 6-7-1, 23:07 minutes
Ryan Miller (Pit), 19 saves from 22 shots - (0.864), W, 8-2-4, 60:00 minutes

Players Stats for Rangers

Player Name              G  A  P  +/- PIM S  H  SB GA TA FO     MP     PP MP  PK MP  
------------------------------------------------------------------------------------
Barret Jackman           0  0  0  -1  6   1  1  8  0  4  0/0    25:20   4:10   4:02 
Daniel Alfredsson        0  0  0  -3  0   0  1  0  1  0  1/3    16:35   4:07   2:33 
Daniel Sedin             0  1  1   0  0   2  2  1  2  0  0/0    18:00   3:58   2:33 
Francis Bouillon         0  0  0  -1  4   0  2  1  0  2  0/0    21:24   3:55   3:00 
James van Riemsdyk       0  0  0  -3  2   5  4  1  1  1  5/26   24:58   4:07   5:53 
Jamie McBain             0  2  2  -1  0   0  0  0  0  1  0/0    21:03   3:55   3:04 
Jay McClement            1  0  1   0  0   1  0  0  1  2  7/15   17:46   3:58   2:10 
Jeff Halpern             0  0  0  -1  0   2  1  0  2  0  0/0    12:45   0:00   0:00 
Jeff Skinner             1  0  1   0  0   2  0  0  1  0  0/4     6:59   0:00   0:00 
Kevin Bieksa             0  0  0   0  0   0  0  0  0  0  0/0     0:00   0:00   0:00 
Kevin Shattenkirk        0  0  0  -1  0   1  3  3  3  2  0/0    28:05   4:09   7:32 
Logan Couture            0  0  0  -3  0   2  0  0  1  2  0/0    22:41   4:07   8:03 
Matt Moulson             1  1  2   0  0   1  0  0  0  0  0/0    10:55   3:58   0:00 
Maxim Lapierre           0  0  0  -1  0   2  2  2  1  0  5/11   12:45   0:00   0:00 
Nate Guenin              0  0  0  -2  0   2  0  0  0  1  0/0    10:51   0:00   0:00 
Philip Larsen            0  0  0  -2  0   0  0  0  0  0  0/0    14:25   0:00   3:34 
Radek Dvorak             0  0  0   0  0   1  0  0  0  0  0/1    12:00   0:00   0:00 
Tanner Glass             0  0  0  -1  2   0  2  0  0  0  0/0    12:44   0:00   0:00 

Players Stats for Penguins

Player Name              G  A  P  +/- PIM S  H  SB GA TA FO     MP     PP MP  PK MP  
------------------------------------------------------------------------------------
Anton Volchenkov         0  2  2   2  0   2  1  1  0  1  0/0    18:15   0:00   3:17 
Chris Butler             1  0  1   1  0   1  0  1  0  1  0/0    13:30   0:00   4:48 
Chris Kelly              0  0  0   1  0   2  1  0  4  0  0/0    11:28   0:00   6:13 
Christian Ehrhoff        0  0  0   1  0   2  0  0  0  1  0/0    24:02   6:45   0:19 
Dan Hamhuis              0  0  0   2  2   0  1  4  2  1  0/0    23:51   3:51   4:02 
David Legwand            1  0  1  -1  0   3  0  0  1  1  8/9    16:17   4:10   0:00 
Elias Lindholm           0  1  1   1  0   1  1  0  2  0  0/0    10:09   0:00   0:00 
Jarome Iginla            1  2  3   3  0   4  3  1  2  0  2/4    19:52   4:10   2:32 
Marcus Foligno           0  1  1   1  0   1  1  0  1  0  0/0     7:03   0:00   1:52 
Mark Giordano            2  0  2   1  2   5  1  3  1  0  0/0    27:08   6:45   3:44 
Mikael Granlund          1  2  3   3  0   2  0  0  2  0  18/25  20:14   6:26   0:00 
Nail Yakupov             0  1  1   1  0   2  0  0  2  0  0/1    10:09   0:00   0:00 
Nate Thompson            1  0  1   1  0   2  0  0  0  0  7/9     5:33   0:00   0:22 
Nathan MacKinnon         0  1  1  -1  0   2  1  0  3  0  0/0    17:58   4:10   1:41 
Patrick Sharp            0  4  4   3  2   2  2  0  4  0  1/1    20:13   6:26   0:00 
Paul Gaustad             0  0  0   1  4   0  0  0  0  0  6/11   13:41   0:00   3:30 
Raphael Diaz             0  0  0   1  0   2  0  0  1  2  0/0    13:16   3:51   0:00 
Vladimir Tarasenko       0  0  0  -1  0   4  0  0  3  0  0/0    19:11   6:26   0:00 

3 Stars

1 - Jarome Iginla (Pit)
2 - Mikael Granlund (Pit)
3 - Patrick Sharp (Pit)

Power Play

Rangers - 2 on 5 Attempt(s) - 40.00%
Penguins - 2 on 8 Attempt(s) - 25.00%

Penalty Kill

Rangers - 6 on 8 Attempt(s) - 75.00% - Score 0 goal in Penalty Kill
Penguins - 3 on 5 Attempt(s) - 60.00% - Score 0 goal in Penalty Kill

Official

Referees : Unknown
Linesman : Unknown

Game Notes

7:18 of 1st period - Penalty Shot by Kevin Shattenkirk for Rangers - Stopped by Ryan Miller
Tom McCollum enters game at 3:07 of 2nd period

Finance

Level 1 -- Attendance: 4737 (78.95%) -- Ticket Income $426,330
Level 2 -- Attendance: 5000 (100.00%) -- Ticket Income $265,000
Level 3 -- Attendance: 1884 (94.20%) -- Ticket Income $56,520
Level 4 -- Attendance: 3712 (92.80%) -- Ticket Income $59,392
Luxury Box -- Attendance: 953 (95.30%) -- Ticket Income $170,587
Game was played at the Consol Energy Center
Total Attendance: 16286 (90.48%)
Total Ticket Income: $977,829
Other Income: $479,136
Total Income: $1,456,965

Rangers

5 vs 5 Forward 
   Center                   Left Wing                Right Wing               Time % Phy DF OF 
 1 James van Riemsdyk       Logan Couture            Daniel Alfredsson        35     1   2  2  
 2 Jay McClement            Daniel Sedin             Radek Dvorak             30     1   2  2  
 3 Jeff Skinner             Matt Moulson             James van Riemsdyk       22     1   2  2  
 4 Maxim Lapierre           Tanner Glass             Jeff Halpern             13     1   2  2  

5 vs 5 Defense 
   Defense                  Defense                                           Time % Phy DF OF 
 1 Kevin Shattenkirk        Barret Jackman                                    35     1   2  2  
 2 Jamie McBain             Francis Bouillon                                  30     1   2  2  
 3 Nate Guenin              Philip Larsen                                     22     1   2  2  
 4 Kevin Shattenkirk        Barret Jackman                                    13     1   2  2  

PowerPlay Forward 
   Center                   Left Wing                Right Wing               Time % Phy DF OF 
 1 James van Riemsdyk       Logan Couture            Daniel Alfredsson        60     1   2  2  
 2 Jay McClement            Daniel Sedin             Matt Moulson             40     1   2  2  

PowerPlay Defense
   Defense                  Defense                                           Time % Phy DF OF 
 1 Kevin Shattenkirk        Barret Jackman                                    60     1   2  2  
 2 Jamie McBain             Francis Bouillon                                  40     1   2  2  

Penalty Kill 4 Players Forward 
   Center                   Wing                     Time % Phy DF OF 
 1 James van Riemsdyk       Logan Couture            60     1   2  2  
 2 Daniel Alfredsson        Daniel Sedin             40     1   2  2  

Penalty Kill 4 Players Defense
   Defense                  Defense                  Time % Phy DF OF 
 1 Kevin Shattenkirk        Barret Jackman           60     1   2  2  
 2 Jamie McBain             Francis Bouillon         40     1   2  2  

Penalty Kill - 3 Players Forward 
   Forward                                           Time % Phy DF OF 
 1 James van Riemsdyk                                60     1   2  2  
 2 Logan Couture                                     40     1   2  2  

Penalty Kill - 3 Players Defense
   Defense                  Defense                  Time % Phy DF OF 
 1 Kevin Shattenkirk        Barret Jackman           60     1   2  2  
 2 Jamie McBain             Francis Bouillon         40     1   2  2  

4 vs 4 Forward 
   Center                   Wing                     Time % Phy DF OF 
 1 James van Riemsdyk       Logan Couture            60     1   2  2  
 2 Daniel Alfredsson        Daniel Sedin             40     1   2  2  

4 vs 4 Defense
   Defense                  Defense                  Time % Phy DF OF 
 1 Kevin Shattenkirk        Barret Jackman           60     1   2  2  
 2 Jamie McBain             Francis Bouillon         40     1   2  2  

Last Minutes Offensive
   Center                   Left Wing                Right Wing               Defense                  Defense                  
   James van Riemsdyk       Logan Couture            Daniel Alfredsson        Kevin Shattenkirk        Barret Jackman           

Last Minutes Defensive
   Center                   Left Wing                Right Wing               Defense                  Defense                  
   James van Riemsdyk       Logan Couture            Daniel Alfredsson        Kevin Shattenkirk        Barret Jackman           

Goaltenders
Starting : Jaroslav Halak           
Backup : Tom McCollum             

Extra Forwards
Normal : Jeff Skinner, Matt Moulson, James van Riemsdyk - PP : Jeff Skinner, Matt Moulson - PK : James van Riemsdyk
Extra Defensemen
Normal : Nate Guenin, Philip Larsen, Jamie McBain - PP : Nate Guenin - PK : Philip Larsen, Jamie McBain
Penalty Shots
James van Riemsdyk, Logan Couture, Maxim Lapierre, Matt Moulson, Kevin Shattenkirk

Penguins

5 vs 5 Forward 
   Center                   Left Wing                Right Wing               Time % Phy DF OF 
 1 Mikael Granlund          Patrick Sharp            Jarome Iginla            35     1   2  2  
 2 David Legwand            Vladimir Tarasenko       Nathan MacKinnon         30     1   2  2  
 3 Paul Gaustad             Nail Yakupov             Elias Lindholm           22     1   2  2  
 4 Nate Thompson            Chris Kelly              Marcus Foligno           13     1   2  2  

5 vs 5 Defense 
   Defense                  Defense                                           Time % Phy DF OF 
 1 Mark Giordano            Christian Ehrhoff                                 40     1   2  2  
 2 Anton Volchenkov         Dan Hamhuis                                       35     1   2  2  
 3 Chris Butler             Raphael Diaz                                      20     1   2  2  
 4 Mark Giordano            Christian Ehrhoff                                 5      1   2  2  

PowerPlay Forward 
   Center                   Left Wing                Right Wing               Time % Phy DF OF 
 1 Mikael Granlund          Patrick Sharp            Vladimir Tarasenko       60     1   1  3  
 2 David Legwand            Jarome Iginla            Nathan MacKinnon         40     1   1  3  

PowerPlay Defense
   Defense                  Defense                                           Time % Phy DF OF 
 1 Mark Giordano            Christian Ehrhoff                                 60     1   1  3  
 2 Dan Hamhuis              Raphael Diaz                                      40     1   1  3  

Penalty Kill 4 Players Forward 
   Center                   Wing                     Time % Phy DF OF 
 1 Paul Gaustad             Chris Kelly              60     1   3  1  
 2 Nate Thompson            Marcus Foligno           40     1   3  1  

Penalty Kill 4 Players Defense
   Defense                  Defense                  Time % Phy DF OF 
 1 Anton Volchenkov         Dan Hamhuis              60     1   3  1  
 2 Chris Butler             Mark Giordano            40     1   3  1  

Penalty Kill - 3 Players Forward 
   Forward                                           Time % Phy DF OF 
 1 Paul Gaustad                                      60     1   3  1  
 2 Nate Thompson                                     40     1   3  1  

Penalty Kill - 3 Players Defense
   Defense                  Defense                  Time % Phy DF OF 
 1 Anton Volchenkov         Dan Hamhuis              60     1   3  1  
 2 Chris Butler             Mark Giordano            40     1   3  1  

4 vs 4 Forward 
   Center                   Wing                     Time % Phy DF OF 
 1 Mikael Granlund          Patrick Sharp            60     1   2  2  
 2 David Legwand            Jarome Iginla            40     1   2  2  

4 vs 4 Defense
   Defense                  Defense                  Time % Phy DF OF 
 1 Mark Giordano            Christian Ehrhoff        60     1   2  2  
 2 Dan Hamhuis              Anton Volchenkov         40     1   2  2  

Last Minutes Offensive
   Center                   Left Wing                Right Wing               Defense                  Defense                  
   Mikael Granlund          Patrick Sharp            Jarome Iginla            Mark Giordano            Christian Ehrhoff        

Last Minutes Defensive
   Center                   Left Wing                Right Wing               Defense                  Defense                  
   Mikael Granlund          Patrick Sharp            Jarome Iginla            Mark Giordano            Dan Hamhuis              

Goaltenders
Starting : Ryan Miller              
Backup : Alex Stalock             

Extra Forwards
Normal : Nathan MacKinnon, Nail Yakupov, Marcus Foligno - PP : Nathan MacKinnon, Nail Yakupov - PK : Jarome Iginla
Extra Defensemen
Normal : Dan Hamhuis, Mark Giordano, Christian Ehrhoff - PP : Mark Giordano - PK : Dan Hamhuis, Christian Ehrhoff
Penalty Shots
Patrick Sharp, Jarome Iginla, Nathan MacKinnon, Vladimir Tarasenko, David Legwand

% Time on Ice - Rangers

Lines # - Real PCT - Wanted PCT - Time Play
Normal Forward
1 - 25% - 35% - 10:31
2 - 28% - 30% - 11:29
3 - 16% - 22% - 6:34
4 - 31% - 13% - 12:45
Normal Defense
1 - 33% - 35% - 13:45
2 - 34% - 30% - 14:04
3 - 26% - 22% - 10:51
4 - 6% - 13% - 2:39
PP Forward
1 - 51% - 60% - 4:07
2 - 49% - 40% - 3:58
PP Defense
1 - 52% - 60% - 4:10
2 - 48% - 40% - 3:55
PK Forward
1 - 76% - 60% - 8:03
2 - 24% - 40% - 2:33
PK Defense
1 - 71% - 60% - 7:32
2 - 29% - 40% - 3:04
PK3 Forward
1 - 0% - 60%
2 - 0% - 40%
PK3 Defense
1 - 0% - 60%
2 - 0% - 40%
44 Forward
1 - 0% - 60%
2 - 0% - 40%
44 Defense
1 - 0% - 60%
2 - 0% - 40%
Last Minute Offensive  - 0:00
Last Minute Defensive  - 0:00
Total
Forward - 60:00
Defense - 60:00

% Time on Ice - Penguins

Lines # - Real PCT - Wanted PCT - Time Play
Normal Forward
1 - 34% - 35% - 13:52
2 - 29% - 30% - 12:07
3 - 25% - 22% - 10:09
4 - 13% - 13% - 5:11
Normal Defense
1 - 40% - 40% - 16:38
2 - 40% - 35% - 16:27
3 - 20% - 20% - 8:14
4 - 0% - 5% - 0:00
PP Forward
1 - 61% - 60% - 6:26
2 - 39% - 40% - 4:10
PP Defense
1 - 64% - 60% - 6:45
2 - 36% - 40% - 3:51
PK Forward
1 - 95% - 60% - 7:43
2 - 5% - 40% - 0:22
PK Defense
1 - 41% - 60% - 3:17
2 - 59% - 40% - 4:48
PK3 Forward
1 - 0% - 60%
2 - 0% - 40%
PK3 Defense
1 - 0% - 60%
2 - 0% - 40%
44 Forward
1 - 0% - 60%
2 - 0% - 40%
44 Defense
1 - 0% - 60%
2 - 0% - 40%
Last Minute Offensive  - 0:00
Last Minute Defensive  - 0:00
Total
Forward - 60:00
Defense - 60:00

Play by Play

1st period


0:01 of 1st period - Mikael Granlund wins face-off versus James van Riemsdyk in neutral zone.
0:18 of 1st period - Wrist shot by James van Riemsdyk.
0:18 of 1st period - Shot Misses the Net.
0:36 of 1st period - Slapshot by Logan Couture.
0:36 of 1st period - Shot Misses the Net.
0:38 of 1st period - Slapshot by Kevin Shattenkirk.
0:38 of 1st period - Deflect By Logan Couture.
0:38 of 1st period - Shot Blocked by Mark Giordano.
0:38 of 1st period - Puck is out of play.
0:39 of 1st period - David Legwand wins face-off versus Jay McClement in Penguins zone.
0:53 of 1st period - Wrist shot by Dan Hamhuis.
0:53 of 1st period - Shot Blocked by Francis Bouillon.
0:55 of 1st period - Snap shot by Anton Volchenkov.
0:55 of 1st period - Shot Misses the Net.
0:57 of 1st period - Slapshot by Dan Hamhuis.
0:57 of 1st period - Shot Misses the Net.
0:59 of 1st period - Slapshot by Nathan MacKinnon.
0:59 of 1st period - Shot Misses the Net.
1:01 of 1st period - Slapshot by Dan Hamhuis.
1:01 of 1st period - Shot Misses the Net.
1:03 of 1st period - Snap shot by Anton Volchenkov.
1:03 of 1st period - Shot Misses the Net.
1:05 of 1st period - Snap shot by Vladimir Tarasenko.
1:05 of 1st period - Stopped by Jaroslav Halak with a rebound.
1:07 of 1st period - Snap shot by Dan Hamhuis.
1:07 of 1st period - Deflect By David Legwand.
1:07 of 1st period - Shot Misses the Net.
1:07 of 1st period - Puck is out of play.
1:08 of 1st period - Paul Gaustad wins face-off versus Maxim Lapierre in Rangers zone.
1:29 of 1st period - Backhand shot by Tanner Glass.
1:29 of 1st period - Shot Blocked by Chris Butler.
1:31 of 1st period - Snap shot by Nate Guenin.
1:31 of 1st period - Deflect By Maxim Lapierre.
1:31 of 1st period - Stopped by Ryan Miller with a rebound.
1:33 of 1st period - Snap shot by Jeff Halpern.
1:33 of 1st period - Shot Misses the Net.
1:35 of 1st period - Wrist shot by Nate Guenin.
1:35 of 1st period - Stopped by Ryan Miller with a rebound.
1:37 of 1st period - Slapshot by Nate Guenin.
1:37 of 1st period - Stopped by Ryan Miller without a rebound.
1:38 of 1st period - Nate Thompson wins face-off versus Jeff Skinner in Penguins zone.
1:38 of 1st period - Nate Thompson is hit by James van Riemsdyk.
1:49 of 1st period - Minor Penalty to James van Riemsdyk for Interference.
1:50 of 1st period - Mikael Granlund wins face-off versus Jay McClement in Rangers zone.
2:13 of 1st period - Snap shot by Vladimir Tarasenko.
2:13 of 1st period - Shot Blocked by Barret Jackman.
2:43 of 1st period - Jarome Iginla is hit by Daniel Sedin.
3:09 of 1st period - Slapshot by Nathan MacKinnon.
3:09 of 1st period - Stopped by Jaroslav Halak without a rebound.
3:10 of 1st period - Jay McClement wins face-off versus Mikael Granlund in Rangers zone.
3:49 of 1st period - Penalty to James van Riemsdyk is over, James van Riemsdyk is back on ice.
3:57 of 1st period - Wrist shot by Matt Moulson.
3:57 of 1st period - Shot Misses the Net.
3:59 of 1st period - Wrist shot by James van Riemsdyk.
3:59 of 1st period - Stopped by Ryan Miller without a rebound.
4:00 of 1st period - Paul Gaustad wins face-off versus Jeff Skinner in Penguins zone.
4:53 of 1st period - Nate Guenin is hit by Marcus Foligno and loses puck.
4:58 of 1st period - Snap shot by Chris Kelly.
4:58 of 1st period - Stopped by Jaroslav Halak with a rebound.
5:00 of 1st period - Snap shot by Marcus Foligno.
5:00 of 1st period - Shot Misses the Net.
5:02 of 1st period - Backhand shot by Anton Volchenkov.
5:02 of 1st period - Stopped by Jaroslav Halak with a rebound.
5:04 of 1st period - Slapshot by Nate Thompson.
5:04 of 1st period - Goal by Nate Thompson - Rangers : 0 - Penguins : 1.
5:05 of 1st period - Jay McClement wins face-off versus Mikael Granlund in neutral zone.
5:24 of 1st period - Slapshot by Kevin Shattenkirk.
5:24 of 1st period - Stopped by Ryan Miller with a rebound.
5:26 of 1st period - Wrist shot by Barret Jackman.
5:26 of 1st period - Shot Misses the Net.
6:11 of 1st period - Mark Giordano is hit by Kevin Shattenkirk and loses puck.
6:49 of 1st period - Minor Penalty to Mark Giordano for Holding.
6:50 of 1st period - Jay McClement wins face-off versus Paul Gaustad in Penguins zone.
7:18 of 1st period - Penalty Shot by Kevin Shattenkirk for Rangers.
7:18 of 1st period - Backhand shot by Kevin Shattenkirk.
7:18 of 1st period - Stopped by Ryan Miller.
7:19 of 1st period - James van Riemsdyk wins face-off versus Paul Gaustad in Rangers zone.
8:03 of 1st period - Dan Hamhuis is hit by Daniel Alfredsson and loses puck.
8:49 of 1st period - Penalty to Mark Giordano is over, Mark Giordano is back on ice.
9:27 of 1st period - Off-side.
9:28 of 1st period - David Legwand wins face-off versus Maxim Lapierre in neutral zone.
9:41 of 1st period - Slapshot by Tanner Glass.
9:41 of 1st period - Deflect By Maxim Lapierre.
9:41 of 1st period - Shot Misses the Net.
9:41 of 1st period - Puck is out of play.
9:42 of 1st period - David Legwand wins face-off versus Maxim Lapierre in Penguins zone.
10:50 of 1st period - Jay McClement is hit by Jarome Iginla and loses puck.
11:28 of 1st period - Backhand shot by Mark Giordano.
11:28 of 1st period - Shot Blocked by Barret Jackman.
11:34 of 1st period - Christian Ehrhoff is hit by James van Riemsdyk and loses puck.
11:47 of 1st period - Christian Ehrhoff is hit by Tanner Glass and loses puck.
11:52 of 1st period - Snap shot by Jamie McBain.
11:52 of 1st period - Shot Misses the Net.
11:54 of 1st period - Slapshot by Jamie McBain.
11:54 of 1st period - Shot Misses the Net.
11:56 of 1st period - Slapshot by Jeff Halpern.
11:56 of 1st period - Stopped by Ryan Miller with a rebound.
11:58 of 1st period - Backhand shot by Jamie McBain.
11:58 of 1st period - Shot Misses the Net.
12:20 of 1st period - Wrist shot by Logan Couture.
12:20 of 1st period - Shot Misses the Net.
13:19 of 1st period - Anton Volchenkov is hit by Jeff Halpern and loses puck.
13:31 of 1st period - Maxim Lapierre is hit by Anton Volchenkov and loses puck.
14:00 of 1st period - Wrist shot by Patrick Sharp.
14:00 of 1st period - Shot Misses the Net.
14:02 of 1st period - Minor Penalty to Barret Jackman for Holding.
14:03 of 1st period - Mikael Granlund wins face-off versus James van Riemsdyk in Rangers zone.
14:24 of 1st period - Slapshot by James van Riemsdyk.
14:24 of 1st period - Stopped by Ryan Miller with a rebound.
15:16 of 1st period - Mikael Granlund is hit by Francis Bouillon and loses puck.
15:55 of 1st period - Wrist shot by Nathan MacKinnon.
15:55 of 1st period - Deflect By David Legwand.
15:55 of 1st period - Goal by David Legwand - Rangers : 0 - Penguins : 2.
15:56 of 1st period - Jay McClement wins face-off versus Nate Thompson in neutral zone.
16:04 of 1st period - Off-side.
16:05 of 1st period - Nate Thompson wins face-off versus Jay McClement in neutral zone.
17:25 of 1st period - Slapshot by Jeff Halpern.
17:25 of 1st period - Stopped by Ryan Miller with a rebound.
17:27 of 1st period - Slapshot by Jamie McBain.
17:27 of 1st period - Shot Blocked by Mark Giordano.
17:47 of 1st period - Snap shot by Jeff Skinner.
17:47 of 1st period - Goal by Jeff Skinner - Rangers : 1 - Penguins : 2.
17:48 of 1st period - David Legwand wins face-off versus James van Riemsdyk in neutral zone.
18:23 of 1st period - Wrist shot by David Legwand.
18:23 of 1st period - Stopped by Jaroslav Halak with a rebound.
18:31 of 1st period - Minor Penalty to Francis Bouillon for Tripping.
18:32 of 1st period - Mikael Granlund wins face-off versus James van Riemsdyk in Rangers zone.
18:55 of 1st period - Slapshot by Mark Giordano.
18:55 of 1st period - Shot Blocked by Kevin Shattenkirk.
18:57 of 1st period - Slapshot by Mark Giordano.
18:57 of 1st period - Stopped by Jaroslav Halak without a rebound.
18:58 of 1st period - David Legwand wins face-off versus James van Riemsdyk in Rangers zone.
19:29 of 1st period - Barret Jackman is hit by Jarome Iginla and loses puck.
Goals for this period are 1 for Rangers vs 2 for Penguins.
Shots for this period are 9 for Rangers vs 8 for Penguins.

2nd period


0:01 of 2nd period - Mikael Granlund wins face-off versus James van Riemsdyk in neutral zone.
0:06 of 2nd period - Slapshot by Mark Giordano.
0:06 of 2nd period - Shot Misses the Net.
0:08 of 2nd period - Slapshot by Christian Ehrhoff.
0:08 of 2nd period - Shot Misses the Net.
0:10 of 2nd period - Slapshot by Christian Ehrhoff.
0:10 of 2nd period - Shot Blocked by Barret Jackman.
0:12 of 2nd period - Slapshot by Mark Giordano.
0:12 of 2nd period - Stopped by Jaroslav Halak without a rebound.
0:13 of 2nd period - James van Riemsdyk wins face-off versus Mikael Granlund in Rangers zone.
0:22 of 2nd period - Slapshot by Mark Giordano.
0:22 of 2nd period - Shot Blocked by Barret Jackman.
0:31 of 2nd period - Penalty to Francis Bouillon is over, Francis Bouillon is back on ice.
0:44 of 2nd period - Snap shot by Patrick Sharp.
0:44 of 2nd period - Stopped by Jaroslav Halak with a rebound.
1:08 of 2nd period - Icing by Radek Dvorak.
1:09 of 2nd period - Paul Gaustad wins face-off versus Jay McClement in Rangers zone.
1:14 of 2nd period - Snap shot by Nail Yakupov.
1:14 of 2nd period - Stopped by Jaroslav Halak with a rebound.
1:16 of 2nd period - Slapshot by Anton Volchenkov.
1:16 of 2nd period - Shot Blocked by Kevin Shattenkirk.
1:18 of 2nd period - Slapshot by Dan Hamhuis.
1:18 of 2nd period - Shot Misses the Net.
1:20 of 2nd period - Slapshot by Paul Gaustad.
1:20 of 2nd period - Shot Misses the Net.
1:28 of 2nd period - Wrist shot by Elias Lindholm.
1:28 of 2nd period - Shot Misses the Net.
1:30 of 2nd period - Wrist shot by Paul Gaustad.
1:30 of 2nd period - Shot Blocked by Barret Jackman.
1:32 of 2nd period - Snap shot by Anton Volchenkov.
1:32 of 2nd period - Shot Misses the Net.
1:34 of 2nd period - Slapshot by Anton Volchenkov.
1:34 of 2nd period - Shot Blocked by Kevin Shattenkirk.
1:36 of 2nd period - Slapshot by Dan Hamhuis.
1:36 of 2nd period - Deflect By Elias Lindholm.
1:36 of 2nd period - Shot Blocked by Daniel Sedin.
1:36 of 2nd period - Puck is out of play.
1:37 of 2nd period - Nate Thompson wins face-off versus Maxim Lapierre in Rangers zone.
1:46 of 2nd period - Wrist shot by Chris Kelly.
1:46 of 2nd period - Stopped by Jaroslav Halak without a rebound.
1:47 of 2nd period - Maxim Lapierre wins face-off versus Nate Thompson in Rangers zone.
1:49 of 2nd period - Minor Penalty to Francis Bouillon for Hooking.
1:50 of 2nd period - Mikael Granlund wins face-off versus James van Riemsdyk in Rangers zone.
1:53 of 2nd period - Slapshot by Mark Giordano.
1:53 of 2nd period - Goal by Mark Giordano - Rangers : 1 - Penguins : 3.
1:54 of 2nd period - Mikael Granlund wins face-off versus James van Riemsdyk in neutral zone.
2:21 of 2nd period - Slapshot by James van Riemsdyk.
2:21 of 2nd period - Stopped by Ryan Miller without a rebound.
2:22 of 2nd period - Jay McClement wins face-off versus David Legwand in Penguins zone.
2:39 of 2nd period - Wrist shot by Vladimir Tarasenko.
2:39 of 2nd period - Stopped by Jaroslav Halak with a rebound.
2:55 of 2nd period - Snap shot by Nathan MacKinnon.
2:55 of 2nd period - Stopped by Jaroslav Halak with a rebound.
2:57 of 2nd period - Snap shot by Vladimir Tarasenko.
2:57 of 2nd period - Stopped by Jaroslav Halak without a rebound.
2:58 of 2nd period - Mikael Granlund wins face-off versus James van Riemsdyk in Rangers zone.
3:03 of 2nd period - Snap shot by Patrick Sharp.
3:03 of 2nd period - Shot Misses the Net.
3:05 of 2nd period - Snap shot by Jarome Iginla.
3:05 of 2nd period - Stopped by Jaroslav Halak with a rebound.
3:07 of 2nd period - Slapshot by Mark Giordano.
3:07 of 2nd period - Goal by Mark Giordano - Rangers : 1 - Penguins : 4.
3:07 of 2nd period - Tom McCollum enters game.
3:08 of 2nd period - Daniel Alfredsson wins face-off versus Mikael Granlund in neutral zone.
3:31 of 2nd period - Wrist shot by Logan Couture.
3:31 of 2nd period - Stopped by Ryan Miller with a rebound.
3:35 of 2nd period - Wrist shot by Logan Couture.
3:35 of 2nd period - Stopped by Ryan Miller with a rebound.
4:06 of 2nd period - Off-side.
4:07 of 2nd period - David Legwand wins face-off versus Jay McClement in neutral zone.
4:47 of 2nd period - Icing by Anton Volchenkov.
4:48 of 2nd period - Paul Gaustad wins face-off versus Maxim Lapierre in Penguins zone.
4:48 of 2nd period - Paul Gaustad is hit by Maxim Lapierre.
4:59 of 2nd period - Snap shot by Tanner Glass.
4:59 of 2nd period - Shot Misses the Net.
5:01 of 2nd period - Slapshot by Maxim Lapierre.
5:01 of 2nd period - Deflect By Tanner Glass.
5:01 of 2nd period - Shot Misses the Net.
5:01 of 2nd period - Puck is out of play.
5:02 of 2nd period - Paul Gaustad wins face-off versus Maxim Lapierre in Penguins zone.
5:15 of 2nd period - Slapshot by Christian Ehrhoff.
5:15 of 2nd period - Deflect By Nail Yakupov.
5:15 of 2nd period - Shot Blocked by Maxim Lapierre.
5:15 of 2nd period - Puck is out of play.
5:16 of 2nd period - Mikael Granlund wins face-off versus James van Riemsdyk in Rangers zone.
5:35 of 2nd period - Snap shot by Jarome Iginla.
5:35 of 2nd period - Shot Misses the Net.
5:37 of 2nd period - Snap shot by Jarome Iginla.
5:37 of 2nd period - Goal by Jarome Iginla - Rangers : 1 - Penguins : 5.
5:38 of 2nd period - Mikael Granlund wins face-off versus James van Riemsdyk in neutral zone.
5:51 of 2nd period - Wrist shot by Mikael Granlund.
5:51 of 2nd period - Stopped by Tom McCollum without a rebound.
5:52 of 2nd period - Mikael Granlund wins face-off versus James van Riemsdyk in Rangers zone.
5:55 of 2nd period - Snap shot by Patrick Sharp.
5:55 of 2nd period - Shot Blocked by Barret Jackman.
5:57 of 2nd period - Slapshot by Anton Volchenkov.
5:57 of 2nd period - Shot Misses the Net.
5:59 of 2nd period - Wrist shot by Mikael Granlund.
5:59 of 2nd period - Goal by Mikael Granlund - Rangers : 1 - Penguins : 6.
6:00 of 2nd period - Mikael Granlund wins face-off versus James van Riemsdyk in neutral zone.
6:07 of 2nd period - Snap shot by Jarome Iginla.
6:07 of 2nd period - Shot Blocked by James van Riemsdyk.
6:23 of 2nd period - Wrist shot by Logan Couture.
6:23 of 2nd period - Shot Blocked by Mark Giordano.
6:25 of 2nd period - Slapshot by Jamie McBain.
6:25 of 2nd period - Deflect By Logan Couture.
6:25 of 2nd period - Deflect By Mark Giordano.
6:25 of 2nd period - Shot Misses the Net.
6:25 of 2nd period - Puck is out of play.
6:26 of 2nd period - David Legwand wins face-off versus Jay McClement in Penguins zone.
6:32 of 2nd period - Slapshot by Anton Volchenkov.
6:32 of 2nd period - Stopped by Tom McCollum with a rebound.
7:15 of 2nd period - Snap shot by Jeff Skinner.
7:15 of 2nd period - Shot Misses the Net.
8:28 of 2nd period - Slapshot by Nail Yakupov.
8:28 of 2nd period - Shot Misses the Net.
8:30 of 2nd period - Snap shot by Chris Butler.
8:30 of 2nd period - Goal by Chris Butler - Rangers : 1 - Penguins : 7.
8:31 of 2nd period - Nate Thompson wins face-off versus Jay McClement in neutral zone.
9:32 of 2nd period - Mark Giordano is hit by James van Riemsdyk and loses puck.
10:17 of 2nd period - Slapshot by Nathan MacKinnon.
10:17 of 2nd period - Shot Blocked by Barret Jackman.
10:19 of 2nd period - Snap shot by Vladimir Tarasenko.
10:19 of 2nd period - Stopped by Tom McCollum with a rebound.
10:21 of 2nd period - Backhand shot by Dan Hamhuis.
10:21 of 2nd period - Shot Misses the Net.
10:23 of 2nd period - Slapshot by Anton Volchenkov.
10:23 of 2nd period - Shot Blocked by Barret Jackman.
10:47 of 2nd period - Minor Penalty to Barret Jackman for Hooking.
10:48 of 2nd period - Mikael Granlund wins face-off versus James van Riemsdyk in Rangers zone.
11:14 of 2nd period - Icing by Christian Ehrhoff.
11:15 of 2nd period - James van Riemsdyk wins face-off versus Mikael Granlund in Penguins zone.
11:22 of 2nd period - Snap shot by James van Riemsdyk.
11:22 of 2nd period - Stopped by Ryan Miller without a rebound.
11:23 of 2nd period - David Legwand wins face-off versus James van Riemsdyk in Penguins zone.
12:47 of 2nd period - Penalty to Barret Jackman is over, Barret Jackman is back on ice.
12:51 of 2nd period - Snap shot by Jarome Iginla.
12:51 of 2nd period - Stopped by Tom McCollum with a rebound.
12:53 of 2nd period - Slapshot by Raphael Diaz.
12:53 of 2nd period - Stopped by Tom McCollum with a rebound.
13:24 of 2nd period - Snap shot by Elias Lindholm.
13:24 of 2nd period - Shot Misses the Net.
13:28 of 2nd period - Snap shot by Elias Lindholm.
13:28 of 2nd period - Stopped by Tom McCollum with a rebound.
14:09 of 2nd period - Slapshot by Chris Butler.
14:09 of 2nd period - Shot Blocked by Maxim Lapierre.
14:25 of 2nd period - Jeff Halpern is hit by Jarome Iginla and loses puck.
15:08 of 2nd period - Icing by Mark Giordano.
15:09 of 2nd period - Jay McClement wins face-off versus Paul Gaustad in Penguins zone.
16:13 of 2nd period - Chris Butler is hit by Francis Bouillon and loses puck.
16:46 of 2nd period - Barret Jackman is hit by Patrick Sharp and loses puck.
17:14 of 2nd period - Kevin Shattenkirk is hit by Dan Hamhuis.
17:18 of 2nd period - Dan Hamhuis is hit by Barret Jackman.
18:24 of 2nd period - Jay McClement is hit by Chris Kelly and loses puck.
18:47 of 2nd period - Wrist shot by Jeff Skinner.
18:47 of 2nd period - Shot Misses the Net.
18:53 of 2nd period - Wrist shot by Jeff Skinner.
18:53 of 2nd period - Stopped by Ryan Miller without a rebound.
18:54 of 2nd period - Mikael Granlund wins face-off versus Jeff Skinner in Penguins zone.
19:07 of 2nd period - Wrist shot by Jarome Iginla.
19:07 of 2nd period - Deflect By Patrick Sharp.
19:07 of 2nd period - Stopped by Tom McCollum with a rebound.
Goals for this period are 0 for Rangers vs 5 for Penguins.
Shots for this period are 5 for Rangers vs 20 for Penguins.

3rd period


0:01 of 3rd period - Mikael Granlund wins face-off versus James van Riemsdyk in neutral zone.
0:13 of 3rd period - Off-side.
0:14 of 3rd period - Patrick Sharp wins face-off versus Daniel Alfredsson in neutral zone.
0:17 of 3rd period - Slapshot by Christian Ehrhoff.
0:17 of 3rd period - Stopped by Tom McCollum with a rebound.
0:25 of 3rd period - Christian Ehrhoff is hit by Kevin Shattenkirk and loses puck.
1:08 of 3rd period - Jay McClement is hit by Mark Giordano and loses puck.
1:19 of 3rd period - Daniel Sedin is hit by Nathan MacKinnon and loses puck.
1:46 of 3rd period - Slapshot by Jamie McBain.
1:46 of 3rd period - Deflect By Maxim Lapierre.
1:46 of 3rd period - Stopped by Ryan Miller with a rebound.
2:03 of 3rd period - Minor Penalty to Dan Hamhuis for Hooking.
2:04 of 3rd period - James van Riemsdyk wins face-off versus Paul Gaustad in Penguins zone.
2:08 of 3rd period - Wrist shot by Logan Couture.
2:08 of 3rd period - Shot Misses the Net.
3:08 of 3rd period - Paul Gaustad is hit by Daniel Sedin and loses puck.
4:03 of 3rd period - Penalty to Dan Hamhuis is over, Dan Hamhuis is back on ice.
4:11 of 3rd period - Vladimir Tarasenko is hit by Tanner Glass and loses puck.
4:36 of 3rd period - Off-side.
4:37 of 3rd period - Jarome Iginla wins face-off versus Jeff Skinner in neutral zone.
5:05 of 3rd period - Jay McClement is hit by Patrick Sharp.
5:11 of 3rd period - Slapshot by Daniel Sedin.
5:11 of 3rd period - Shot Misses the Net.
5:17 of 3rd period - Snap shot by Daniel Sedin.
5:17 of 3rd period - Stopped by Ryan Miller with a rebound.
5:19 of 3rd period - Slapshot by Jay McClement.
5:19 of 3rd period - Shot Blocked by Dan Hamhuis.
6:03 of 3rd period - Minor Penalty to Barret Jackman for Roughing.
6:04 of 3rd period - Mikael Granlund wins face-off versus James van Riemsdyk in Rangers zone.
7:49 of 3rd period - Icing by Dan Hamhuis.
7:50 of 3rd period - Mikael Granlund wins face-off versus Daniel Alfredsson in Penguins zone.
8:03 of 3rd period - Penalty to Barret Jackman is over, Barret Jackman is back on ice.
8:54 of 3rd period - Wrist shot by Nail Yakupov.
8:54 of 3rd period - Shot Misses the Net.
8:56 of 3rd period - Snap shot by Christian Ehrhoff.
8:56 of 3rd period - Deflect By Elias Lindholm.
8:56 of 3rd period - Shot Misses the Net.
8:56 of 3rd period - Puck is out of play.
8:57 of 3rd period - Nate Thompson wins face-off versus Jay McClement in Rangers zone.
9:00 of 3rd period - Snap shot by Marcus Foligno.
9:00 of 3rd period - Shot Misses the Net.
9:04 of 3rd period - Snap shot by Christian Ehrhoff.
9:04 of 3rd period - Stopped by Tom McCollum without a rebound.
9:05 of 3rd period - Nate Thompson wins face-off versus Radek Dvorak in Rangers zone.
9:16 of 3rd period - Wrist shot by Mark Giordano.
9:16 of 3rd period - Stopped by Tom McCollum with a rebound.
9:18 of 3rd period - Slapshot by Christian Ehrhoff.
9:18 of 3rd period - Deflect By Nate Thompson.
9:18 of 3rd period - Stopped by Tom McCollum without a rebound.
9:19 of 3rd period - Maxim Lapierre wins face-off versus Paul Gaustad in Rangers zone.
9:32 of 3rd period - Minor Penalty to Paul Gaustad for Hooking.
9:33 of 3rd period - Jay McClement wins face-off versus Jarome Iginla in Penguins zone.
10:37 of 3rd period - Chris Kelly is hit by James van Riemsdyk and loses puck.
11:04 of 3rd period - Snap shot by Matt Moulson.
11:04 of 3rd period - Goal by Matt Moulson - Rangers : 2 - Penguins : 7.
11:05 of 3rd period - Maxim Lapierre wins face-off versus Nail Yakupov in neutral zone.
11:31 of 3rd period - Minor Penalty to Paul Gaustad for Hooking.
11:32 of 3rd period - Jarome Iginla wins face-off versus James van Riemsdyk in Penguins zone.
11:37 of 3rd period - Wrist shot by James van Riemsdyk.
11:37 of 3rd period - Shot Misses the Net.
11:39 of 3rd period - Slapshot by Barret Jackman.
11:39 of 3rd period - Shot Blocked by Dan Hamhuis.
11:41 of 3rd period - Wrist shot by Kevin Shattenkirk.
11:41 of 3rd period - Shot Blocked by Dan Hamhuis.
11:43 of 3rd period - Slapshot by Barret Jackman.
11:43 of 3rd period - Shot Blocked by Jarome Iginla.
11:45 of 3rd period - Slapshot by Barret Jackman.
11:45 of 3rd period - Stopped by Ryan Miller without a rebound.
11:46 of 3rd period - James van Riemsdyk wins face-off versus Jarome Iginla in Penguins zone.
12:09 of 3rd period - Wrist shot by James van Riemsdyk.
12:09 of 3rd period - Stopped by Ryan Miller with a rebound.
12:11 of 3rd period - Slapshot by Kevin Shattenkirk.
12:11 of 3rd period - Shot Misses the Net.
12:13 of 3rd period - Snap shot by Logan Couture.
12:13 of 3rd period - Shot Misses the Net.
12:39 of 3rd period - Snap shot by Matt Moulson.
12:39 of 3rd period - Shot Blocked by Dan Hamhuis.
13:31 of 3rd period - Penalty to Paul Gaustad is over, Paul Gaustad is back on ice.
13:49 of 3rd period - Nail Yakupov is hit by Kevin Shattenkirk and loses puck.
15:12 of 3rd period - Slapshot by David Legwand.
15:12 of 3rd period - Stopped by Tom McCollum with a rebound.
15:48 of 3rd period - Snap shot by Logan Couture.
15:48 of 3rd period - Deflect By James van Riemsdyk.
15:48 of 3rd period - Shot Blocked by Anton Volchenkov.
15:48 of 3rd period - Puck is out of play.
15:49 of 3rd period - Nate Thompson wins face-off versus James van Riemsdyk in Penguins zone.
15:56 of 3rd period - Slapshot by Christian Ehrhoff.
15:56 of 3rd period - Shot Misses the Net.
15:58 of 3rd period - Slapshot by Christian Ehrhoff.
15:58 of 3rd period - Shot Misses the Net.
16:00 of 3rd period - Wrist shot by Marcus Foligno.
16:00 of 3rd period - Stopped by Tom McCollum with a rebound.
16:24 of 3rd period - Wrist shot by Jarome Iginla.
16:24 of 3rd period - Stopped by Tom McCollum with a rebound.
16:26 of 3rd period - Snap shot by Raphael Diaz.
16:26 of 3rd period - Stopped by Tom McCollum with a rebound.
16:46 of 3rd period - Snap shot by Nail Yakupov.
16:46 of 3rd period - Stopped by Tom McCollum with a rebound.
16:52 of 3rd period - Barret Jackman is hit by Elias Lindholm and loses puck.
17:04 of 3rd period - Dan Hamhuis is hit by Maxim Lapierre and loses puck.
17:57 of 3rd period - Snap shot by Radek Dvorak.
17:57 of 3rd period - Stopped by Ryan Miller with a rebound.
18:09 of 3rd period - Snap shot by Maxim Lapierre.
18:09 of 3rd period - Shot Misses the Net.
18:11 of 3rd period - Slapshot by Francis Bouillon.
18:11 of 3rd period - Deflect By Tanner Glass.
18:11 of 3rd period - Shot Misses the Net.
18:11 of 3rd period - Puck is out of play.
18:12 of 3rd period - Maxim Lapierre wins face-off versus Mikael Granlund in Penguins zone.
18:20 of 3rd period - Minor Penalty to Patrick Sharp for Holding.
18:21 of 3rd period - Paul Gaustad wins face-off versus James van Riemsdyk in Penguins zone.
18:54 of 3rd period - Snap shot by Daniel Sedin.
18:54 of 3rd period - Stopped by Ryan Miller with a rebound.
18:56 of 3rd period - Wrist shot by Jay McClement.
18:56 of 3rd period - Goal by Jay McClement - Rangers : 3 - Penguins : 7.
18:57 of 3rd period - Maxim Lapierre wins face-off versus Mikael Granlund in neutral zone.
19:16 of 3rd period - Minor Penalty to Tanner Glass for Hooking.
19:17 of 3rd period - Mikael Granlund wins face-off versus James van Riemsdyk in Rangers zone.
19:20 of 3rd period - Snap shot by Patrick Sharp.
19:20 of 3rd period - Shot Misses the Net.
19:22 of 3rd period - Slapshot by Christian Ehrhoff.
19:22 of 3rd period - Shot Misses the Net.
Goals for this period are 2 for Rangers vs 0 for Penguins.
Shots for this period are 8 for Rangers vs 9 for Penguins.


Output by the SimonT Hockey Simulator (STHS) for Eric Dolegowski -- Original Page W3C XHTML 1.0 Valid
Hockey Simulator - Hockey Simulation - Hockey Manager